AoeStats
← 葛瓦斯

Arena

509369046Analyzed
1v1 RM · 6d ago on Sep 26, 2026· 137m 17s· 2 players
Game mode
Random Map
Map size
Tiny (2 player)
Population
200
Speed
Normal
Resources
Standard
Victory
Conquest
Starting age
Dark Age
Ending age
Imperial Age
RankedLock teamsTeams togetherTeam positionsShared explorationLock speedFull tech treeHidden civsTurbo modeCheats
Victory
Defeat
🇨🇳 Saxons · China
821
+17
🇨🇳 Poles · China
851
-17
太原老登
11:33 Feudal Age
15:25 Castle Age
14:34 Loom
14:36 Double-Bit Axe
14:34 Horse Collar
25:47 Gold Mining
25:51 Stone Mining
30:58 Imperial Age
28:46 Squires
30:48 Wheelbarrow
30:24 Bow Saw
30:19 Heavy Plow
31:17 Gold Shaft Mining
32:03 Hand Cart
32:20 Crop Rotation
31:15 Shield Wall
32:15 Conscription
32:23 Town Watch
33:45 Two-Man Saw
32:29 Elite Varangian Guard
33:15 Scale Mail Armor
33:29 Forging
34:21 Chain Mail Armor
34:48 Town Patrol
35:26 Iron Casting
36:18 Plate Mail Armor
36:49 Fortified Wall
36:35 Murder Holes
36:54 Masonry
36:28 Treadmill Crane
38:30 Redemption
38:38 Block Printing
39:19 Clerical Recruitment
40:26 Sanctity
39:34 Pikeman
40:09 Fletching
41:08 Architecture
41:51 Hoardings
41:50 Ballistics
41:28 Bodkin Arrow
41:41 Siege Engineers
41:40 Husbandry
41:57 Bloodlines
42:01 Halberdier
43:43 Elite Hearth Troop
43:54 Sappers
44:14 Arson
45:11 Bracer
45:07 Arrowslits
45:47 Guilds
46:57 Chemistry
46:12 Scale Barding Armor
51:09 Theocracy
50:33 Herbal Medicine
51:09 Illumination
51:23 Theocracy
50:43 Herbal Medicine
55:49 Capped Ram
56:55 Siege Ram
64:38 Padded Archer Armor
64:58 Chain Barding Armor
65:11 Heresy
76:45 Light Cavalry
78:43 Leather Archer Armor
79:40 Hussar
80:34 Gambesons
80:10 Man-at-Arms
83:19 Ring Archer Armor
82:16 Long Swordsman
83:38 Two-Handed Swordsman
84:22 Champion
112:02 Elite Skirmisher
112:09 Cranequins
112:12 Heavy Mounted Crossbowman
114:55 Thumb Ring
葛瓦斯
10:49 Feudal Age
15:19 Castle Age
13:37 Horse Collar
13:45 Double-Bit Axe
17:30 Wheelbarrow
16:42 Loom
17:09 Heavy Plow
17:30 Bow Saw
21:13 Wheelbarrow
22:15 Gold Mining
24:49 Hand Cart
24:33 Stone Mining
28:31 Imperial Age
28:09 Stone Shaft Mining
27:53 Forging
27:44 Scale Mail Armor
27:50 Scale Barding Armor
27:35 Fletching
30:06 Conscription
30:25 Iron Casting
30:05 Chain Mail Armor
30:27 Crop Rotation
31:05 Bloodlines
30:56 Husbandry
30:16 Light Cavalry
32:46 Chemistry
32:09 Chain Barding Armor
32:50 Blast Furnace
34:21 Lechitic Legacy
33:23 Elite Obuch
35:30 Winged Hussar
36:53 Hoardings
36:27 Siege Engineers
36:33 Masonry
38:32 Plate Mail Armor
37:58 Bodkin Arrow
39:17 Arson
39:33 Squires
39:44 Szlachta Privileges
39:31 Man-at-Arms
40:09 Long Swordsman
40:54 Bracer
45:09 Two-Handed Swordsman
46:26 Fortified Wall
46:12 Murder Holes
46:06 Champion
48:06 Padded Archer Armor
54:35 Devotion
62:07 Capped Ram
63:01 Siege Ram
Connection lost

Rejoining the realm…

Still unreachable

The connection could not be restored.

Session expired

The server has moved on; the page needs a fresh start.